 Dungeon Crawl Stone Soup version 0.30-a0-241-g1121274140 (webtiles) character file.

Game seed: 6060789362074550818

23 KennySheep the Insei (level 2, 0/23 HPs)
             Began as a Demigod Transmuter on Oct 10, 2022.
             Slain by a scorpion (1 damage)
             ... on level 2 of the Dungeon.
             The game lasted 00:03:53 (782 turns).

KennySheep the Insei (Demigod Transmuter)            Turns: 782, Time: 00:03:54

Health: 0/23       AC:  2    Str: 11    XL:     2   Next: 57%
Magic:  6/7        EV: 12    Int: 15    God:
Gold:   31         SH:  0    Dex: 14    Spells: 2/5 levels left

rFire   . . .      SeeInvis .      - Unarmed
rCold   . . .      Faith    .    (no shield)
rNeg    . . .      Spirit   .    a - +0 robe
rPois   .          Reflect  .    (helmet currently unavailable)
rElec   .          Harm     .    (no cloak)
rCorr   .          Rampage  .    (no gloves)
Will    .....                    (boots currently unavailable)
Stlth   +.........               (no amulet)
HPRegen 0.23/turn                (no ring)
MPRegen 0.10/turn                (no ring)

@: lethally poisoned (0 -> -10), appendages, flying
A: horns 2, talons 2, high MP 1, forlorn, divine attributes
a: End Transformation


You were on level 2 of the Dungeon.
You had temporarily grown beastly horns and talons.
You visited 1 branch of the dungeon, and saw 2 of its levels.

You collected 61 gold pieces.
You spent 30 gold pieces at shops.

Inventory:

Armour
 a - a +0 robe (worn)
Scrolls
 c - 3 scrolls of identify
 d - a scroll of amnesia
 f - a scroll of enchant armour
 i - a scroll of teleportation
 j - a scroll of magic mapping {unknown}
Potions
 b - a potion of lignification
 e - a potion of might
 h - a potion of mutation {unknown}


   Skills:
 + Level 1.2 Fighting
 + Level 2.1 Dodging
 + Level 2.9 Unarmed Combat
 + Level 2.0 Spellcasting
 + Level 2.0 Transmutations
 + Level 0.0 Poison Magic


You had 2 spell levels left.
You knew the following spells:

 Your Spells              Type           Power      Damage    Failure   Level
a - Beastly Appendage     Tmut           14%        N/A       10%         1
b - Wereblood             Tmut           7%         N/A       14%         2

Your spell library contained the following spells:

 Spells                   Type           Power      Damage    Failure   Level
 Foxfire                  Conj/Fire      4%         2x1d4     22%         1
 Spider Form              Tmut/Pois      4%         N/A       38%         3
 Ice Form                 Ice/Tmut       4%         N/A       82%         4
 Fireball                 Conj/Fire      0%         3d3       99%         5
 Starburst                Conj/Fire      0%         6d3       100%        6


Dungeon Overview and Level Annotations

Branches:
Dungeon (2/15)

Shops:
D:1 =[(*


Innate Abilities, Weirdness & Mutations

You have temporarily grown beastly horns and talons.
You have an increased reservoir of magic. (+10% MP)
You shall have no god before yourself.
Your divine heritage dramatically boosts your attributes as you level up.


Message History

No target in view!
No target in view!
A rat is nearby!
You hit the rat.
The rat is heavily wounded.
The rat bites you but does no damage.
You hit the rat.
You kill the rat!
No target in view!
You see here a rat corpse.
A scorpion comes into view.
A scorpion is nearby!
A rat comes into view.
Found a potion of lignification and a scroll labelled QITWEIHUID.
The scorpion stings you.
Casting: Beastly Appendage (safe; 10% risk of failure)
Confirm with . or Enter, or press ? or * to list all spells.
You grow a pair of large bovine horns.
Your feet morph into talons.
The scorpion stings you.
You hit the scorpion but do no damage.
The scorpion stings you but does no damage.
You barely miss the scorpion. The scorpion closely misses you.
You hit the scorpion but do no damage. You claw the scorpion.
You headbutt the scorpion.
The scorpion is heavily wounded.
The scorpion stings you.
You barely miss the scorpion. You claw the scorpion.
The scorpion is severely wounded.
The scorpion stings you.
* * * LOW HITPOINT WARNING * * *
You are lethally poisoned!
The scorpion poisons you!
The scorpion stings you but does no damage.
It was a potion of flight.
You feel very buoyant.
You fly up into the air.
* * * LOW HITPOINT WARNING * * *
You feel very sick. The scorpion stings you.
You die...

#....#.#
#......#### .?
##...#.....# .!
#....##.##.# ..
#....##.##.## .#
#.#.###.##..# .#
. ##.#.# #.###†#
r# ... #..#.#
#...#.###s#.....
##.##.#
###.....@....#
#..##.#
##............
#.###.#
#..........## #.#
.. #...#.........
..#
.....#.......##
>##
###..............
.# #.#.#....###..
.# .........# .#
.# .... .#


You could see a scorpion and a rat.

Vanquished Creatures
  A worm (D:2)
  3 ball pythons (D:1)
  2 endoplasms (D:1)
  4 goblins (D:1)
  A quokka (D:1)
  2 bats (D:1)
  4 frilled lizards
  3 rats
20 creatures vanquished.

Notes
Turn   | Place    | Note
-------+----------+-------------------------------------------
     0 | D:1      | KennySheep the Demigod Transmuter began the quest for the
                  | Orb.
     0 | D:1      | Reached XP level 1. HP: 15/15 MP: 5/5
    27 | D:1      | Reached skill level 1 in Fighting
    41 | D:1      | Found Fischoni's Armour Boutique.
    92 | D:1      | Found Vogethut's Weapon Emporium.
   186 | D:1      | Reached XP level 2. HP: 23/23 MP: 7/7
   188 | D:1      | Found Siusuow's Jewellery Boutique.
   491 | D:1      | Found Xothext's General Store.
   513 | D:1      | Bought a scroll of teleportation for 30 gold pieces
   693 | D:2      | Learned a level 2 spell: Wereblood
   775 | D:2      | Noticed a scorpion
   782 | D:2      | HP: 1/23 [poisoned by a scorpion]
   782 | D:2      | Slain by a scorpion

Illustrated notes

Levels and vault maps discovered:
D:1:      tarquinn_simple_flora_water_d, layout_basic, serial_shops,
          nicolae_shop_crystal, shop, shop,
          nicolae_shop_competitors_out_of_business
D:2:      layout_rooms, grunt_ministairs_6

Skill      XL: |  1  2 |
---------------+-------+-----
Fighting       | 1 |  1.2
Dodging        | 2 |  2.1
Transmutations | 2 |  2.0
Spellcasting   | 2 |  2.0
Unarmed Combat | |  2.9

Action                   || total
-------------------------++-------
Melee: Unarmed           ||    43
       Headbutt          ||     3
       Kick              ||     9
       Punch             ||     1
 Cast: Beastly Appendage ||     4
  Use: Scroll            ||     2
       Potion            ||     2
Armor: Robe              ||    11
Dodge: Dodged            ||    15

Table legend: (Time is in decaauts)
 A = Elapsed time spent in this place.
 B = Non-inter-level travel time spent in this place.
 C = Inter-level travel time spent in this place.
 D = Time resting spent in this place.
 E = Time spent auto-exploring this place.
 F = Levels seen in this place.
 G = Mean time per level.
                   A        B        C        D        E       F      G
               +--------+--------+--------+--------+--------+-----+--------+
         Total |    779 |    727 |     52 |      0 |    600 |   2 |  389.5 |
       Dungeon |    779 |    727 |     52 |      0 |    600 |   2 |  389.5 |
               +--------+--------+--------+--------+--------+-----+--------+

Top non-repeatable levels by time:
     D:1: 680 daAuts
     D:2: 99 daAuts
